 Dungeon Crawl Stone Soup version 0.32-a0-422-g28b100f618 (webtiles) character file.

Game seed: 16936527018198188737

47 sanka the Apothecary (level 3, 0/24 HPs)
             Began as a Merfolk Alchemist on Feb 21, 2024.
             Slain by a quokka (2 damage)
             ... on level 1 of the Dungeon.
             The game lasted 00:02:07 (1216 turns).

sanka the Apothecary (Merfolk Alchemist)            Turns: 1216, Time: 00:02:08

Health: 0/24       AC:  2    Str: 14    XL:     3   Next: 70%
Magic:  0/6        EV: 12    Int: 16    God:
Gold:   40         SH:  0    Dex: 14    Spells: 5/6 levels left

rFire   . . .        e - +0 short sword
rCold   . . .        (no shield)
rNeg    . . .        a - +0 robe
rPois   .            (no helmet)
rElec   .            (no cloak)
rCorr   .            (no gloves)
SInv    .            (no boots)
Will    .....        (no amulet)
Stlth   ++           d - +6 ring of strength
HPRegen 0.24/turn    (no ring)
MPRegen 0.10/turn

%: no passive effects
@: no status effects
A: (nimble swimmer 2), mertail
a: no special abilities


You were on level 1 of the Dungeon.
You visited 1 branch of the dungeon, and saw 2 of its levels.

You collected 68 gold pieces.
You spent 28 gold pieces at shops.


Innate Abilities, Weirdness & Mutations

((You are very nimble when in or above water. (Stealth+, EV+, Speed+++)))
Your lower body shifts to a powerful aquatic tail in water.


   Skills:
 - Level 2.6 Dodging
 - Level 2.1 Stealth
 - Level 2.0 Spellcasting
 - Level 1.0 Conjurations
 + Level 6.0 Alchemy


You had 5 spell levels left.
You knew the following spells:

 Your Spells              Type           Power      Damage    Failure   Level
z - Sting                 Conj/Alch      48%        1d6       4%          1

Your spell library contained the following spells:

 Spells                   Type           Power      Damage    Failure   Level
 Mercury Vapours          Alch/Air       22%        N/A       9%          2
 Olgreb's Toxic Radiance  Alch           20%        N/A       17%         4
 Mephitic Cloud           Conj/Alch/Air  9%         N/A       24%         3
 Static Discharge         Conj/Air       6%         3-4/arc   26%         2
 Call Canine Familiar     Summ           1%         N/A       52%         3
 Sigil of Binding         Hex            1%         N/A       52%         3
 Sticky Flame             Fire/Alch      11%        2d5       52%         4
 Airstrike                Air            0%         2d(1-17)  90%         4
 Dimensional Bullseye     Hex/Tloc       0%         N/A       90%         4
 Summon Lightning Spire   Summ/Air       1%         N/A       90%         4

Inventory:

Hand Weapons
 e - a +0 short sword (weapon)
Armour
 a - a +0 robe (worn)
Jewellery
 d - a +6 ring of strength (left hand)
Scrolls
 c - 4 scrolls of blinking
 f - a scroll of teleportation {unknown}
Potions
 b - a potion of magic
 g - 2 potions of enlightenment {unknown}

Dungeon Overview and Level Annotations

Branches:
Dungeon (2/15)

Altars:

Shops:
D:1

* ▒...▒▒▒▒.......▒.▒...▒▒.▒
▒..............▒.▒...▒▒.▒
▒.........▒'▒▒▒▒.▒...▒▒.▒
▒▒.........▒.▒ ▒.▒...▒▒.▒
♣♣♣♣♣♣♣..........▒.▒
▒.▒...▒▒.▒
.(...÷..........)▒.▒
▒.▒...▒▒.▒
♣♣♣♣♣♣♣........w>..▒
▒.▒......▒
▒▒▒▒▒▒▒▒▒▒r▒▒▒▒▒▒.▒▒..▒▒▒▒▒
▒m▒...............
▒.▒.▒▒▒▒.▒▒..▒▒▒▒▒ ▒.▒.▒
▒.▒▒....... ▒.▒.▒
▒.▒▒.▒▒▒▒▒▒ ▒.▒.▒ ▒.▒▒.▒
▒.▒.▒ ▒.▒▒.▒ ▒.▒.▒ ▒.▒▒.▒
▒.▒▒▒▒▒▒.▒▒.▒ ▒.∩.........▒


You could see a ribbon worm (very poisoned) and a quokka.


Message History

The ribbon worm bites you.
You barely miss the ribbon worm.
The ribbon worm is heavily wounded.
You hit the ribbon worm.
The ribbon worm is heavily wounded.
The ribbon worm completely misses you.
The quokka twitches its whiskers.
The sting hits the ribbon worm but does no damage.
The ribbon worm looks even sicker.
The ribbon worm is heavily wounded.
The quokka bites you. The ribbon worm bites you.
* * * LOW HITPOINT WARNING * * *
Unknown command.
The quokka bites you.
* * * LOW HITPOINT WARNING * * *
The ribbon worm bites you.
* * * LOW HITPOINT WARNING * * *
You climb upwards.
There is a stone staircase leading down here.
Unknown command.
Unknown command.
Unknown command.
The quokka barely misses you. The ribbon worm bites you.
* * * LOW HITPOINT WARNING * * *
The quokka bites you but does no damage.
The quokka attacks as it pursues you! The quokka bites you.
You die...

Action                     || total
---------------------------++-------
  Melee: Unarmed           ||    12
         Short sword       ||     6
   Cast: Sting             ||    49
    Use: Scroll            ||     1
 Armour: Robe              ||    21
  Dodge: Dodged            ||    24

Levels and vault maps discovered:
D:1:      eino_arrival_tree_alley, layout_basic, serial_shops, shop
D:2:      layout_basic

Notes
Turn   | Place    | Note
-------+----------+-------------------------------------------
     0 | D:1      | sanka the Merfolk Alchemist began the quest for the Orb.
     0 | D:1      | Reached XP level 1. HP: 13/13 MP: 3/3
    12 | D:1      | Reached skill level 1 in Conjurations
    87 | D:1      | Reached XP level 2. HP: 19/19 MP: 3/5
   255 | D:1      | Reached skill level 5 in Alchemy
   499 | D:1      | Reached XP level 3. HP: 24/24 MP: 3/6
   933 | D:1      | Found Soxaosm's General Store.
  1187 | D:1      | Bought a scroll of identify for 28 gold pieces
  1203 | D:2      | Reached skill level 6 in Alchemy
  1215 | D:1      | HP: 2/24 [ribbon worm (4)]
  1216 | D:1      | Slain by a quokka

Vanquished Creatures
  5 ball pythons (D:1)
  An endoplasm (D:1)
  A giant cockroach (D:1)
  2 goblins (D:1)
  3 hobgoblins (D:1)
  3 bats (D:1)
  A frilled lizard (D:1)
  5 kobolds
  7 rats (D:1)
28 creatures vanquished.
